 Dungeon Sprint DCSS version 0.27.0-65-ge2af304b15 (webtiles) character file.

Game seed: 9102665484226867213

4403 ABBCCCDDDD the Cleaver (level 10, -12/103 HPs)
             Began as a Minotaur Berserker on Aug 18, 2021.
             Was a High Priest of Trog.
             Mangled by a skeletal warrior (22 damage)
             ... in the Dungeon (Sprint II: "The Violet Keep of Menkaure").
             The game lasted 00:04:13 (837 turns).

ABBCCCDDDD the Cleaver (Minotaur Berserker)          Turns: 837, Time: 00:04:14

Health: -12/103    AC: 15    Str: 25    XL:     10   Next: 14%
Magic:  9/9        EV: 13    Int:  4    God:    Trog [*****.]
Gold:   221        SH:  0    Dex: 10    Spells: 9/9 levels left

rFire    . . .     SeeInvis .   a - +0 hand axe
rCold    . . .     Faith    .   (no shield)
rNeg     + . .     Spirit   .   l - +0 chain mail
rPois    +         Reflect  .   (helmet restricted)
rElec    .         Harm     .   k - +1 cloak {rPois}
rCorr    .         Rampage  .   (no gloves)
Will     ++...     NoTele   +   (no boots)
Stlth    ..........             j - macabre finger necklace {rN+}
HPRegen  1.27/turn              (no ring)
MPRegen  0.11/turn              (no ring)
                                (no ring)

@: strong-willed, on berserk cooldown, regenerating
A: horns 2, retaliatory headbutt
a: Renounce Religion, Berserk, Trog's Hand, Brothers in Arms


You were in the Dungeon.
You worshipped Trog.
Trog was extremely pleased with you.
You visited 1 branch You collected 972 gold pieces.
You spent 751 gold pieces at shops.

Inventory:

Hand Weapons
 a - a +0 hand axe (weapon)
Armour
 k - a +1 cloak of poison resistance (worn)
 l - a +0 chain mail (worn)
Jewellery
 j - the macabre finger necklace (around neck) {rN+}
   (You bought it in a shop in the Dungeon)

   [amulet of nothing]

   It enables you to equip an extra ring.
   rN:        It protects you from negative energy.
Scrolls
 i - a scroll of identify {unknown}
Potions
 c - a potion of curing
 f - 2 potions of magic
 g - a potion of berserk rage


   Skills:
 + Level 14.2 Fighting
 + Level 14.2 Axes
 + Level 14.0 Armour
 + Level 13.0 Dodging


You had 9 spell levels left.
You didn't know any spells.
Your spell library was empty.

Dungeon Overview and Level Annotations

Branches:
Dungeon (1/1)

Altars:

Shops:
D :*=[(=!!?[=:=(=

Annotations:
D exclusion: oklob plant


Innate Abilities, Weirdness & Mutations

You have a pair of horns on your head.
You reflexively headbutt those who attack you in melee.


Message History

You headbutt the skeletal warrior, but do no damage.
The wyvern bites you but does no damage.
Blink to where?
Press: ? - help, Dir - move target
As you read the scroll of blinking, it crumbles to dust.
You feel the effects of Trog's Hand fading.
There is an open door, spattered with blood here.
You enter the shallow water.
Moving in this stuff is going to be slow.
The wyvern bites you!
* * * LOW HITPOINT WARNING * * *
The wyvern bites you!
* * * LOW HITPOINT WARNING * * *
There is an open door, spattered with blood here.
The wyvern bites you.
* * * LOW HITPOINT WARNING * * *
Your skin stops crawling.
You feel less strong-willed. The wyvern barely misses you.
You furiously retaliate!
You headbutt the wyvern, but do no damage.
The wyvern barely misses you.
The kobold demonologist gestures wildly while chanting.
The wyvern closely misses you.
The kobold demonologist hits you but does no damage.
Space bends around you.
* * * LOW HITPOINT WARNING * * *
Your skin crawls.
You feel strong-willed.
You feel yourself speed up.
The wyvern bites you but does no damage.
The kobold demonologist hits you with a +1 dagger of distortion.
* * * LOW HITPOINT WARNING * * *
Space bends around you.
* * * LOW HITPOINT WARNING * * *
The wyvern bites you but does no damage.
You slash the kobold demonologist!
The kobold demonologist is heavily wounded.
You barely miss the skeletal warrior. You hit the wyvern.
The wyvern barely misses you. You furiously retaliate!
You headbutt the wyvern!
The kobold demonologist mumbles some strange words.
The skeletal warrior hits you with a +0 morningstar!!
You die...

###########≈≈≈.........#
##.....∩.∩#≈≈≈≈.##'##..#
##......∩.#≈≈≈≈##l..##
##...∩.∩..#≈≈≈≈#..#..#
##..∩.∩...#≈≈####.Y.####
##.⌠.∩....#≈##.###'###.#
##..∩.∩...#≈###.##.##.#.#
##...∩.∩.†'≈'.##K53.'###+
##....∩.∩.#≈#.l@##.##÷#.#
#▓▓▓▓▓▓▓###≈##z###'###.##
##!SY######≈≈####.#.####
#/(S#h ##≈≈≈#..#..#
#∩P[+h +#≈###.### #?..#?#
≈≈##+# #?.$ ## ≈≈ ##+# ++


You could see a skeletal warrior, a kobold demonologist, a neqoxec (summoned), a
wyvern and a crimson imp (summoned).

Levels and vault maps discovered:
D:        the_violet_keep_of_menkaure [sprint2_stairs_cluster_1,
          sprint2_shoproom, sprint2_temple, sprint2_basic_supplies,
          sprint2_obstacle_5, sprint2_obstacle_3, sprint2_obstacle_2,
          sprint2_obstacle_1, sprint2_obstacle_7, sprint2_timed_cluster_1,
          sprint2_smallroom_cluster_1, sprint2_smallroom_final_cluster_1,
          sprint2_transparent_cluster_1, sprint2_second_timed_cluster_1,
          sprint2_sniper_area_1, sprint2_heavy_combat_area_1,
          sprint2_mutation_trap_area_1, sprint2_forest_area_1,
          sprint2_light_combat_area_1, sprint2_behind_water_1,
          sprint2_near_end_vault_1]

Notes
Turn   | Place    | Note
-------+----------+-------------------------------------------
     0 | D        | ABBCCCDDDD the Minotaur Berserker began the quest for the
                  | Orb.
     0 | D        | Reached XP level 1. HP: 19/19 MP: 0/0
     1 | D        | Noticed a merfolk siren
     7 | D        | HP: 1/28 [merfolk siren (3)]
     8 | D        | Killed a merfolk siren
     9 | D        | Reached XP level 2. HP: 3/36 MP: 1/1
     9 | D        | Reached XP level 3. HP: 3/41 MP: 2/2
     9 | D        | Reached XP level 4. HP: 4/49 MP: 3/3
     9 | D        | Reached XP level 5. HP: 4/56 MP: 4/4
     9 | D        | Reached XP level 6. HP: 5/62 MP: 5/5
    12 | D        | Killed Menkaure
    41 | D        | Killed a water moccasin
   305 | D        | Reached ** piety under Trog
   439 | D        | Reached *** piety under Trog
   443 | D        | Reached XP level 7. HP: 71/71 MP: 6/6
   446 | D        | Reached skill level 10 in Fighting
   523 | D        | Noticed a wyvern
   523 | D        | Noticed a wyvern
   528 | D        | Killed a wyvern
   529 | D        | Reached skill level 10 in Axes
   529 | D        | Reached skill level 10 in Armour
   530 | D        | Killed a wyvern
   530 | D        | Reached **** piety under Trog
   619 | D        | Found Fulureav's Antique Weapon Emporium.
   619 | D        | Found Ziefyhit's Magic Scroll Shoppe.
   619 | D        | Found Titopli's Distillery.
   619 | D        | Found Omoah's Distillery.
   619 | D        | Found Qedot's Jewellery Shoppe.
   620 | D        | Found Uzost's Antique Weapon Shoppe.
   620 | D        | Found Amexze's Antique Armour Emporium.
   620 | D        | Found Rexojem's Jewellery Shoppe.
   620 | D        | Found Udas's Jewellery Shoppe.
   620 | D        | Found Yrask's Antique Armour Emporium.
   621 | D        | Found Qosetequ's Book Shoppe.
   621 | D        | Found Xeykim's Jewellery Emporium.
   621 | D        | Found Jupuos's Jewellery Shoppe.
   621 | D        | Found Vyusugh's Assorted Antiques.
   621 | D        | Noticed a death yak
   623 | D        | Noticed an oklob plant
   624 | D        | Found Gudeumm's Book Shoppe.
   676 | D        | Bought a scroll labelled GEROZU UNIMEF for 16 gold pieces
   689 | D        | Bought the macabre finger necklace {rN+} for 440 gold
                  | pieces
   689 | D        | Found the macabre finger necklace {rN+}
   698 | D        | Bought a glowing cloak for 187 gold pieces
   705 | D        | Bought a chain mail for 108 gold pieces
   730 | D        | Noticed an elephant
   730 | D        | Noticed a centaur warrior
   730 | D        | Noticed Kirke
   730 | D        | Noticed a yaktaur captain
   730 | D        | Noticed a kobold demonologist
   730 | D        | Noticed a skeletal warrior
   745 | D        | Killed Kirke
   746 | D        | Reached XP level 8. HP: 85/85 MP: 7/7
   746 | D        | Reached XP level 9. HP: 92/92 MP: 8/8
   759 | D        | Killed a yaktaur captain
   763 | D        | Killed a centaur warrior
   763 | D        | Reached ***** piety under Trog
   764 | D        | Reached XP level 10. HP: 23/103 MP: 9/9
   770 | D        | Noticed a rust devil
   772 | D        | Noticed an ice statue
   803 | D        | Killed an elephant
   837 | D        | Mangled by a skeletal warrior

Table legend: (Time is in decaauts)
 A = Elapsed time spent in this place.
 B = Non-inter-level travel time spent in this place.
 C = Inter-level travel time spent in this place.
 D = Time resting spent in this place.
 E = Time spent auto-exploring this place.
 F = Levels seen in this place.
 G = Mean time per level.
                   A        B        C        D        E       F      G
               +--------+--------+--------+--------+--------+-----+--------+
         Total |    866 |    856 |     10 |    615 |      1 |   1 |  866.0 |
       Dungeon |    866 |    856 |     10 |    615 |      1 |   1 |  866.0 |
               +--------+--------+--------+--------+--------+-----+--------+

Top non-repeatable levels by time:
       D: 866 daAuts

Table legend:
 A = Kills in this place as a percentage of kills in entire the game.
 B = Kills by you in this place as a percentage of kills by you in the entire game.
 C = Kills by friends in this place as a percentage of kills by friends in the entire game.
 D = Other kills in this place as a percentage of other kills in the entire game.
 E = Experience gained in this place as a percentage of experience gained in the entire game.
 F = Experience gained in this place divided by the number of levels of this place that you have seen.
                   A       B       C       D       E      F
               +-------+-------+-------+-------+-------+----------------------
         Total | 100.0 | 100.0 |   N/A |   N/A | 100.0 | 6291.0
       Dungeon | 100.0 | 100.0 |   N/A |   N/A | 100.0 | 6291.0
               +-------+-------+-------+-------+-------+----------------------

Action                   |  1- 3 |  4- 6 |  7- 9 | 10-12 || total
-------------------------+-------+-------+-------+-------++-------
Melee: Hand axe          |     5 |    10 |    39 |    21 ||    75
       Headbutt          |       |     3 |     7 |     5 ||    15
Invok: Berserk           |     1 |     2 |     3 |     1 ||     7
       Trog's Hand       |       |       |     1 |     2 ||     3
  Use: Potion            |       |       |     1 |     1 ||     2
       Scroll            |       |       |       |     1 ||     1
Armor: Chain mail        |       |       |    18 |     7 ||    25
Dodge: Dodged            |     1 |     3 |    19 |    14 ||    37

Vanquished Creatures
  Kirke (D)
  A yaktaur captain (D)
  A centaur warrior (D)
  A merfolk siren (D)
  An elephant (D)
  3 wyverns (D)
  A water moccasin (D)
  4 scorpions (D)
  3 worms (D)
16 creatures vanquished.

Vanquished Creatures (others)
  Menkaure (D)
  A water moccasin (D)
2 creatures vanquished.

Grand Total: 18 creatures vanquished
